 Dungeon Crawl Stone Soup version 0.32-a0-520-g344ed53f66 (webtiles) character file.

Game seed: 9775616791522351258

5194 lunkers the Earth Mage (level 10, -1/77 HPs)
             Began as a Mountain Dwarf Earth Elementalist on Feb 27, 2024.
             Was an Initiate of Sif Muna.
             Slain by a gnoll
             ... wielding a +0 spear
             ... led by a gnoll bouda
              (4 damage)
             ... on level 9 of the Dungeon.
             The game lasted 00:13:02 (9331 turns).

lunkers the Earth Mage (MDEE)                       Turns: 9331, Time: 00:13:03

Health: -1/77      AC: 10    Str: 14    XL:     10   Next: 34%
Magic:  2/12       EV: 11    Int: 20    God:    Sif Muna [......]
Gold:   893        SH:  0    Dex: 10    Spells: 1/12 levels left

rFire   . . .        a - +5 flail "Niso" {protect, rCorr Str+3 Stlth+}
rCold   . . .        (no shield)
rNeg    . . .        v - +1 steam dragon scales
rPois   +            (no helmet)
rElec   .            f - +0 cloak
rCorr   +            h - +2 pair of gloves
SInv    .            (no boots)
Will    +....        (no amulet)
Stlth   +++          c - ring of poison resistance
HPRegen 0.32/turn    (no ring)
MPRegen 0.13/turn

%: no passive effects
@: about to teleport, weakened
A: runic magic, artefact enchanting
a: Renounce Religion


You were on level 9 of the Dungeon.
You worshipped Sif Muna.
Sif Muna was noncommittal.
You visited 2 branches of the dungeon, and saw 10 of its levels.

You collected 893 gold pieces.

Inventory:

Hand Weapons
 a - the +5 flail "Niso" (weapon) {protect, rCorr Str+3 Stlth+}
   (You found it on level 6 of the Dungeon)

   Str+3:     It affects your strength (+3).
   rCorr:     It protects you from acid and corrosion.
   Stlth+:    It makes you more stealthy.
 l - a +3 quarterstaff of chaos
 m - a +6 morningstar
 s - a +4 double sword of flaming
Missiles
 z - a throwing net
Armour
 f - a +0 cloak (worn)
 h - a +2 pair of gloves (worn)
 v - +1 steam dragon scales (worn)
Jewellery
 c - a ring of poison resistance (left hand)
 w - a ring of ice
Wands
 k - a wand of flame (50)
Scrolls
 e - a scroll of blinking
 i - a scroll of enchant armour
 j - 5 scrolls of teleportation
 n - 2 scrolls of vulnerability
 q - a scroll of immolation
 y - a scroll of summoning
 D - 2 scrolls of amnesia
Potions
 b - a potion of magic
 d - 2 potions of lignification
 g - a potion of ambrosia {unknown}
 o - 3 potions of curing
 p - 2 potions of haste
 r - 3 potions of might
 t - 2 potions of brilliance
 x - a potion of enlightenment {unknown}
 A - a potion of mutation {unknown}
 B - a potion of attraction {unknown}


   Skills:
 + Level 3.0 Fighting
 * Level 4.8 Maces & Flails
 - Level 1.3 Dodging
 - Level 1.4 Stealth
 - Level 1.7 Spellcasting
 - Level 0.8 Conjurations
 - Level 15.8 Earth Magic


You had one spell level left.
You knew the following spells:

 Your Spells              Type           Power      Damage    Failure   Level
a - Stone Arrow           Conj/Erth      70%        3d11      1%          3
b - Passwall              Erth           60%        N/A       1%          3
c - Sandblast             Erth           100%       2d20      1%          1
d - Brom's Barrelling Bo  Conj/Erth      35%        2d5       5%          4

Your spell library contained the following spells:

 Spells                   Type           Power      Damage    Failure   Level
 Summon Small Mammal      Summ           4%         N/A       16%         1
 Petrify                  Alch/Erth      33%        N/A       6%          4
 Momentum Strike          Conj/Tloc      6%         3d8       21%         2
 Blink                    Tloc           2%         N/A       24%         2
 Call Imp                 Summ           2%         N/A       24%         2
 Ensorcelled Hibernation  Hex/Ice        2%         N/A       24%         2
 Lesser Beckoning         Tloc           2%         N/A       24%         2
 Sublimation of Blood     Necr           1%         N/A       24%         2
 Call Canine Familiar     Summ           1%         N/A       43%         3
 Fugue of the Fallen      Necr           1%         N/A       43%         3
 Sigil of Binding         Hex            1%         N/A       43%         3
 Anguish                  Hex/Necr       0%         N/A       85%         4
 Dimensional Bullseye     Hex/Tloc       0%         N/A       85%         4
 Summon Blazeheart Golem  Fire/Summ      1%         N/A       85%         4
 Summon Hydra             Summ           0%         N/A       100%        7


Dungeon Overview and Level Annotations

Branches:
Dungeon (9/15)             Temple (1/1) D:6
   Lair: D:8-11         Orc: D:9-12

Altars:
Ashenzari
Cheibriados
Dithmenos
Gozag
Hepliaklqana
Kikubaaqudgha
Makhleb
Okawaru
Ru
Sif Muna
Trog
Uskayaw
Vehumet
Xom
Zin
The Shining One

Shops:
D:3 ?   D:4 (   D:6 [

Annotations:
D:9 2 transporters, pokeman's ghost, novice DEHW


Innate Abilities, Weirdness & Mutations

Your spellcasting is much less encumbered by armour.
You can use scrolls of enchantment on lesser artefacts.


Message History

Your weapon exudes an aura of protection.
You kill the killer bee!
Sif Muna accepts your kill.
You feel less wooden.
Your +0 cloak unmelds from your body.
Your +2 pair of gloves unmelds from your body.
Your +1 steam dragon scales unmelds from your body.
Your attacks no longer feel as feeble.
You feel sick.
The gnoll bouda gazes fiercely through you!
You feel your attacks grow feeble. The killer bee barely misses you.
The gnoll bouda gazes fiercely through you!
You feel as though you will be weak longer.
The killer bee misses you.
Unknown command.
You miss the killer bee.
You feel sick.
You are no longer poisoned.
The killer bee closely misses you.
The killer bee stings you but does no damage.
Unknown command.
Okay, then.
As you read the scroll of teleportation, it crumbles to dust.
You feel strangely unstable. The killer bee closely misses you.
The killer bee stings you.
* * * LOW HITPOINT WARNING * * *
Unknown command.
Aiming: Sandblast (safe; 1% risk of failure)
Press: ? - help, Q - select action, (/) - cycle Shift-Dir - straight line, f - killer bee
Aim: a killer bee (70% to hit)
The blast of sand hits the killer bee!!
You kill the killer bee!
Sif Muna accepts your kill.
* * * LOW MAGIC WARNING * * *
The killer bee stings you.
* * * LOW HITPOINT WARNING * * *
The killer bee stings you.
* * * LOW HITPOINT WARNING * * *
The gnoll hits you from afar with a +0 spear.
You die...

..#
##...≈≈#.(.#
.
##....≈≈#...#
(.
#.....≈≈#.[.#
.#
+.....≈######
#.....≈##≈≈≈#
##....≈≈≈≈≈≈
##.....####
##...## ##@##
#y# #g#


gg. ... ..... #...# ....# You could see a gnoll bouda, a killer bee and 2
gnolls.

Vanquished Creatures
  Harold (D:9)
  Pikel (D:7)
  A cyclops (D:9)
  Sigmund (D:4)
  Eustachio (D:4)
  3 wyverns
  A steam dragon (D:6)
  Menkaure (D:4)
  3 water moccasins
  An orc warrior (D:8)
  An ice beast (D:6)
  2 black bears
  The ghost of hgbash the Changeling, an amateur DrSh (D:3)
  A lemure (D:7)
  A phantom (D:4)
  5 bullfrogs
  A gnoll sergeant (D:9)
  5 scorpions
  A wight (D:6)
  4 killer bees (D:9)
  2 howler monkeys
  A crimson imp (D:6)
  2 bombardier beetles
  3 hounds
  3 orc priests
  Crazy Yiuf (D:2)
  A jelly (D:6)
  Jessica (D:2)
  A gnoll bouda (D:8)
  4 sleepcaps
  4 iguanas
  6 orc wizards
  Natasha (D:3)
  4 adders
  7 gnolls
  A shadow imp (D:5)
  2 white imps
  3 dart slugs
  39 orcs
  5 endoplasms
  5 giant cockroaches
  4 goblins
  3 hobgoblins
  4 jackals (D:3)
  7 kobolds
  6 quokkas
  3 ball pythons
  2 frilled lizards
  3 rats
164 creatures vanquished.

Notes
Turn   | Place    | Note
-------+----------+-------------------------------------------
     0 | D:1      | lunkers the Mountain Dwarf Earth Elementalist began the
                  | quest for the Orb.
     0 | D:1      | Reached XP level 1. HP: 14/14 MP: 3/3
   242 | D:1      | Reached skill level 4 in Earth Magic
   242 | D:1      | Reached XP level 2. HP: 20/20 MP: 0/4
  1153 | D:2      | Noticed Jessica
  1158 | D:2      | Killed Jessica
  1159 | D:2      | Reached skill level 5 in Earth Magic
  1159 | D:2      | Reached XP level 3. HP: 26/26 MP: 1/5
  1476 | D:2      | Reached XP level 4. HP: 33/33 MP: 4/6
  1863 | D:2      | Found a runed translucent door.
  1864 | D:2      | Noticed Crazy Yiuf
  1870 | D:2      | Killed Crazy Yiuf
  1984 | D:3      | Reached skill level 6 in Earth Magic
  2213 | D:3      | Found Yrul's Magic Scroll Boutique.
  2214 | D:3      | Noticed Natasha
  2219 | D:3      | Killed Natasha
  2220 | D:3      | Reached XP level 5. HP: 25/38 MP: 3/7
  2678 | D:3      | Found a runed translucent door.
  2680 | D:3      | Noticed hgbash's ghost (amateur DrSh)
  2699 | D:3      | Killed hgbash's ghost
  2700 | D:3      | Reached skill level 7 in Earth Magic
  2700 | D:3      | Reached XP level 6. HP: 25/45 MP: 0/8
  2896 | D:4      | Noticed Eustachio
  2904 | D:4      | Killed Eustachio
  2905 | D:4      | Reached skill level 8 in Earth Magic
  3075 | D:4      | Noticed Sigmund
  3089 | D:4      | Killed Sigmund
  3090 | D:4      | Reached skill level 9 in Earth Magic
  3090 | D:4      | Reached XP level 7. HP: 33/50 MP: 6/9
  3280 | D:4      | Noticed Menkaure
  3283 | D:4      | Killed Menkaure
  3284 | D:4      | Reached skill level 10 in Earth Magic
  3365 | D:4      | Found Hiamuuh's Weapon Boutique.
  3778 | D:5      | Entered Level 5 of the Dungeon
  4119 | D:5      | Reached XP level 8. HP: 57/57 MP: 6/10
  4831 | D:6      | Learned a level 3 spell: Passwall
  4835 | D:6      | Learned a level 3 spell: Stone Arrow
  4841 | D:6      | Found a staircase to the Ecumenical Temple.
  4852 | D:6      | Reached skill level 11 in Earth Magic
  4962 | D:6      | Found Geixion's Antique Armour Boutique.
  5118 | D:6      | Reached skill level 12 in Earth Magic
  5260 | D:6      | Found a shimmering blue altar of Sif Muna.
  5260 | D:6      | Found an ancient bone altar of Kikubaaqudgha.
  5837 | D:6      | Reached skill level 13 in Earth Magic
  5898 | D:6      | Reached XP level 9. HP: 58/62 MP: 9/11
  6263 | D:6      | Identified the +5 flail "Niso" {protect, rCorr Str+3
                  | Stlth+}
  6481 | D:7      | Reached skill level 14 in Earth Magic
  6831 | D:7      | Noticed Pikel
  6851 | D:7      | Killed Pikel
  7003 | D:7      | Reached skill level 15 in Earth Magic
  7070 | D:7      | Identified a scroll of acquirement
  7070 | D:7      | Acquired a +4 double sword of flaming
  7312 | D:7      | Learned a level 4 spell: Brom's Barrelling Boulder
  8134 | D:8      | Reached XP level 10. HP: 47/69 MP: 12/12
  8910 | Temple   | Entered the Ecumenical Temple
  8976 | D:6      | Became a worshipper of Sif Muna the Loreminder
  9071 | D:9      | Noticed a centaur warrior
  9086 | D:9      | Found a transporter.
  9088 | D:9      | Found a transporter.
  9090 | D:9      | Noticed pokeman's ghost (novice DEHW)
  9094 | D:9      | Reached skill level 1 in Maces & Flails
  9197 | D:9      | Noticed a cyclops
  9200 | D:9      | Killed a cyclops
  9201 | D:9      | Reached skill level 1 in Fighting
  9298 | D:9      | Noticed Harold
  9313 | D:9      | Killed Harold
  9331 | D:9      | HP: 3/77 [killer bee (4)]
  9331 | D:9      | Slain by a gnoll

Illustrated notes

Levels and vault maps discovered:
D:1:      amcnicky_arrival_wind_blow, layout_loops_corners, minmay_pentomino_x2
D:2:      layout_basic, uniq_crazy_yiuf_cottage, uniq_jessica
D:3:      layout_basic, serial_shops, nicolae_shop_gibbet_a_chance,
          ebering_ghost_inner_flame, uniq_natasha
D:4:      layout_basic, columned_hall_lemuel, roderic_lattice_a,
          minmay_misc_feat_tiny, kennysheep_small_square, uniq_sigmund,
          uniq_menkaure, uniq_eustachio
D:5:      layout_basic
D:6:      minmay_polygon_palace, layout_loops_ring,
          gammafunk_temple_overflow_wave, minmay_temple_entry_mist,
          serial_shops, nicolae_shop_crystal, minmay_fire_ice_demons
D:7:      layout_basic, uniq_pikel
D:8:      layout_basic, minmay_misc_feat_plants
D:9:      layout_loops_corners, mainiacjoe_overflow_alcove_3,
          amethyst_overflow_temple_binary, nzn_ghost_randoct, lightli_minifort,
          uniq_harold, uniq_maurice
Temple:   eino_temple_water

Skill      XL: |  1  2  3  4  5  6  7  8  9 10 |
---------------+-------------------------------+-----
Earth Magic    | 4 5 6 7 9 10 13 15 | 15.8
Maces & Flails | 4 |  4.8
Fighting       | 3 |  3.0
Dodging        | |  1.3
Stealth        | |  1.4
Spellcasting   | |  1.7
Conjurations   | |  0.8

Action                     |  1- 3 |  4- 6 |  7- 9 | 10-12 || total
---------------------------+-------+-------+-------+-------++-------
  Melee: Unarmed           |     4 |       |       |       ||     4
         Quarterstaff      |       |    18 |    12 |       ||    30
         Morningstar       |       |       |    44 |       ||    44
         Double sword      |       |       |    33 |    11 ||    44
         Flail             |       |       |       |    26 ||    26
   Fire: Sling             |    12 |       |       |       ||    12
   Cast: Sandblast         |    40 |    58 |   102 |     4 ||   204
         Stone Arrow       |       |       |    20 |    19 ||    39
  Evoke: Wand              |       |       |       |     2 ||     2
    Use: Scroll            |       |       |    13 |     5 ||    18
         Potion            |       |       |       |     1 ||     1
 Armour: Robe              |    14 |    29 |    35 |       ||    78
         Steam dragon scal |       |       |    92 |    39 ||   131
         Skin              |       |       |       |    34 ||    34
  Dodge: Dodged            |    15 |    24 |    71 |    15 ||   125
         Repelled          |       |     2 |     1 |       ||     3

Table legend: (Time is in decaauts)
 A = Elapsed time spent in this place.
 B = Non-inter-level travel time spent in this place.
 C = Inter-level travel time spent in this place.
 D = Time resting spent in this place.
 E = Time spent auto-exploring this place.
 F = Levels seen in this place.
 G = Mean time per level.
                   A        B        C        D        E       F      G
               +--------+--------+--------+--------+--------+-----+--------+
         Total |   9496 |   9031 |    465 |     37 |   7781 |  10 |  949.6 |
       Dungeon |   9459 |   9002 |    457 |     37 |   7781 |   9 | 1051.0 |
        Temple |     37 |     29 |      8 |      0 |      0 |   1 |   37.0 |
               +--------+--------+--------+--------+--------+-----+--------+

Top non-repeatable levels by time:
     D:6: 1741 daAuts
     D:8: 1585 daAuts
     D:1: 1112 daAuts
     D:5: 1052 daAuts
     D:4: 993 daAuts
     D:7: 938 daAuts
     D:2: 876 daAuts
     D:3: 857 daAuts
     D:9: 301 daAuts
  Temple: 37 daAuts
